Description

ZvP - 3 hatches + nydus + mass lings & queens

Replay - IlIllIllIllI v True - 이페머론 - 래더

Build Order

Get SALT Encoding   

  12  0:01  Drone  
  13  0:12  Overlord  
  13  0:16  Drone  
  14  0:30  Drone x2  
  16  0:48  Hatchery  
  15  0:52  Drone x2  
  17  1:09  Spawning Pool  
  16  1:11  Drone x2  
  16  1:18  Extractor  
  17  1:21  Drone  
  18  1:32  Drone  
  19  1:48  Hatchery  
  22  2:11  Queen  
  24  2:20  Queen  
  26  2:26  Overlord  
  26  2:36  Zergling x4  
  33  2:59  Lair  
  33  3:00  Queen  
  35  3:06  Overlord  
  35  3:12  Metabolic Boost, Extractor  
  42  3:37  Queen  
  44  3:42  Zergling x6  
  49  3:57  Nydus Network  
  49  4:01  Zergling x6  
  50  4:03  Baneling Nest  
  50  4:06  Overlord x2  
  50  4:24  Queen  
  50  4:25  Zergling x4  
  57  4:33  Nydus Canal  
  63  4:52  Overseer  
Spawning Tool Build Advisor. Get it on Overwolf

Go to:

Details

  • Created by: xenlee
  • Published on: Dec 24, 2019
  • Modified on: Dec 24, 2019
  • Patch: 4.11.0
Show
View Real Time Build Order
Export as new Build Order

Comments (0)

There are no comments. Be the first!

Create an account to comment!